Map: [ESL] Dynasty

Players

Lambo

  • Race: Zerg Zerg
  • Spawn Location: 1:00

Spirit - Winner!

  • Race: Terran Terran
  • Spawn Location: 7:00

Event: ESL Spring 2024 Finals

VOD

Have the link to the VOD?

Description

Time

  • Played on: June 1, 2024, 12:25 p.m.
  • Length: 21:29

All games in this series

Show
View Real Time Build Order
Export as new Build Order

Lambo Zerg 

Build Orders: Hatch First 

Get SALT Encoding   

  12  0:00  Drone  
  13  0:08  Drone  
  14  0:14  Extractor  
  14  0:15  Drone  
  15  0:37  Hatchery  
  15  0:42  Drone, Extractor  
  14  0:48  Overlord  
  15  1:03  Spawning Pool  
  14  1:06  Drone  
  14  1:10  Drone  
  16  1:13  Drone  
  17  1:19  Drone  
  18  1:29  Drone  
  19  1:42  Unknown, Drone  
  19  1:50  Queen  
  19  1:53  Queen  
  23  1:57  Drone  
  23  1:58  Drone  
  25  2:06  Overlord  
  25  2:07  Drone  
  26  2:12  Drone  
  27  2:16  Drone  
  28  2:24  Drone  
  28  2:26  Drone, Queen  
  32  2:30  Lair  
  32  2:35  Drone  
  33  2:40  Roach Warren  
  32  2:44  Overlord  
  32  2:46  Drone  
  32  2:50  Drone  
  34  2:55  Drone x2  
  36  3:03  Drone  
  36  3:04  Overlord  
  36  3:05  Pneumatized Carapace  
  37  3:08  Overlord  
  37  3:17  Overlord  
  37  3:19  Roach x3  
  43  3:26  Roach x2  
  47  3:32  Roach x2  
  47  3:33  Roach  
  53  3:38  Overlord, Roach x2  
  57  3:44  Queen  
  59  3:53  Overlord  
  59  3:55  Overlord  
  59  4:01  Drone x2  
  59  4:02  Drone, Overlord  
  62  4:08  Hatchery  
  61  4:16  Overlord  
  61  4:25  Drone x6  
  61  4:27  Queen  
  61  4:28  Extractor  
  68  4:36  Drone x5  
  72  4:45  Drone x2  
  71  5:01  Drone x5  
  71  5:02  Queen  
  71  5:06  Overlord  
  74  5:11  Extractor, Evolution Chamber x2  
  70  5:14  Drone  
  66  5:21  Roach x2  
  66  5:23  Spore Crawler, Queen  
  66  5:24  Spore Crawler, Queen  
  66  5:26  Drone  
  71  5:30  Drone, Metabolic Boost  
  71  5:33  Drone  
  71  5:37  Spore Crawler, Drone x4  
  71  5:41  Drone x4  
  78  5:44  Overseer  
  76  5:54  Roach x2  
  75  5:58  Drone x3  
  75  6:03  Drone x2  
  80  6:10  Drone  
  81  6:12  Drone x4, Ravager  
  81  6:13  Ravager x4  
  81  6:15  Zerg Missile Weapons Level 1  
  90  6:18  Zerg Ground Armor Level 1  
  90  6:20  Drone x2  
  92  6:27  Drone x2  
  92  6:32  Drone  
  95  6:34  Drone  
  95  6:37  Drone x7  
  101  6:41  Extractor x2  
  101  6:42  Drone  
  101  6:46  Infestation Pit  
  99  6:48  Baneling Nest  
  99  6:49  Hatchery  
  99  6:50  Roach x2  
  99  6:53  Drone  
  102  6:57  Queen  
  104  7:02  Glial Reconstitution, Roach  
  104  7:03  Overlord  
  104  7:04  Overlord  
  104  7:08  Overlord  
  106  7:09  Overlord  
  106  7:12  Overlord  
  106  7:13  Overlord x2  
  106  7:16  Overlord x2  
  106  7:17  Overlord  
  106  7:25  Overlord  
  106  7:26  Roach x4  
  116  7:30  Roach  
  116  7:32  Centrifugal Hooks, Hive  
  116  7:34  Drone  
  117  7:39  Zergling x2  
  117  7:40  Zergling x8  
  122  7:45  Roach x3  
  122  7:50  Drone x5  
  133  7:54  Queen x2  
  137  7:59  Drone x2  
  137  8:04  Zergling x4  
  141  8:09  Zerg Melee Weapons Level 1, Roach x4  
  149  8:13  Queen  
  151  8:21  Zergling x2  
  151  8:22  Zergling x12  
  151  8:23  Zerg Ground Armor Level 2  
  158  8:32  Zergling x8  
  161  8:42  Zergling x12  
  161  8:43  Baneling x6  
  161  8:46  Adrenal Glands  
  166  8:48  Ultralisk Cavern  
  166  8:50  Extractor  
  164  8:59  Hatchery  
  164  9:00  Zergling x20  
  173  9:03  Baneling x7  
  173  9:16  Zergling x14  
  180  9:21  Zergling x6  
  180  9:23  Extractor  
  180  9:24  Viper x3  
  182  9:26  Hatchery  
  182  9:27  Zergling x2  
  182  9:29  Baneling x2  
  191  9:37  Zergling x2, Overlord  
  192  9:39  Overlord  
  192  9:41  Baneling x13  
  192  9:44  Chitinous Plating  
  192  9:50  Overlord  
  192  9:53  Overlord  
  192  9:57  Zergling x2  
  192  10:00  Overlord  
  192  10:08  Zergling x12  
  192  10:09  Zergling x4  
  199  10:18  Overlord  
  199  10:27  Overseer  
  198  10:33  Zergling x2  
  198  10:34  Zergling x6  
  198  10:35  Zerg Melee Weapons Level 2  
  199  10:44  Baneling  
  199  10:45  Baneling x5  
  196  10:57  Zergling x10  
  196  10:59  Baneling x10  
  196  11:03  Anabolic Synthesis  
  200  11:10  Zerg Ground Armor Level 3  
  200  11:18  Zergling x2  
  200  11:24  Baneling x17  
  200  11:35  Zergling x2  
  200  11:39  Extractor  
  196  11:43  Zergling x14  
  196  11:46  Zergling x8  
  198  11:50  Zergling x6  
  193  12:03  Zergling x40  
  193  12:06  Zergling x4  
  174  12:11  Ultralisk  
  174  12:15  Ultralisk x3  
  177  12:23  Drone x2  
  177  12:25  Zergling x2  
  177  12:26  Zergling x8  
  180  12:30  Zergling x6  
  180  12:31  Baneling x8  
  181  12:37  Zergling x2  
  181  12:38  Zergling x6  
  181  12:41  Zergling x2  
  181  12:42  Baneling x9  
  187  12:45  Zergling x2  
  187  12:46  Extractor  
  187  12:47  Queen x2, Extractor  
  187  12:49  Zergling x6  
  190  12:52  Hatchery, Zergling x8  
  190  12:54  Baneling x8  
  171  13:02  Zergling x10  
  171  13:05  Zergling x2  
  141  13:09  Viper, Ultralisk  
  137  13:14  Zergling x4  
  139  13:21  Zergling x12  
  139  13:25  Drone  
  146  13:27  Viper, Hatchery  
  146  13:29  Drone  
  149  13:36  Viper  
  149  13:37  Zergling x8  
  156  13:46  Zergling x2  
  156  13:47  Zergling x4  
  159  13:51  Baneling x3  
  159  13:53  Zergling x16  
  159  13:54  Overseer  
  167  13:56  Zergling x2  
  167  14:00  Overseer  
  163  14:03  Zergling x2  
  163  14:04  Zergling x10  
  165  14:10  Zergling x6, Ultralisk  
  165  14:12  Overseer  
  174  14:17  Ultralisk  
  174  14:18  Drone x8  
  174  14:20  Drone  
  189  14:29  Baneling x3, Zergling x6  
  189  14:30  Baneling x5  
  192  14:32  Zergling x12  
  198  14:38  Zergling x2  
  198  14:43  Baneling x3  
  198  14:45  Overlord  
  198  14:55  Zergling x16  
  198  14:57  Hatchery  
  181  15:00  Zergling x18  
  163  15:07  Roach  
  163  15:08  Roach x6  
  163  15:13  Zergling x10  
  164  15:16  Infestor  
  164  15:18  Viper  
  164  15:19  Drone x3  
  166  15:25  Zergling x2  
  166  15:26  Zergling x6  
  170  15:33  Ravager x7  
  170  15:34  Infestor  
  179  15:40  Zergling x2  
  179  15:41  Zergling x6  
  183  15:45  Drone x2  
  183  15:47  Drone x3  
  188  15:54  Zergling x12  
  188  15:56  Baneling x4  
  194  16:03  Zergling x12  
  187  16:11  Zergling x2  
  187  16:12  Zergling x18  
  190  16:25  Spore Crawler  
  188  16:26  Zergling x12  
  188  16:28  Baneling x4  
  188  16:30  Hatchery  
  191  16:33  Drone x2  
  191  16:34  Spore Crawler  
  192  16:44  Zergling x16  
  200  16:51  Burrow  
  198  17:00  Zergling x10  
  191  17:13  Zergling x32  
  187  17:16  Zergling x2  
  187  17:17  Zergling x4  
  187  17:19  Zergling x4  
  177  17:28  Zergling x10  
  175  17:32  Zergling x6  
  158  17:44  Drone  
  154  17:45  Roach x2  
  154  17:46  Infestor x2  
  154  17:49  Drone x2  
  164  17:57  Drone  
  165  17:59  Zergling x2  
  165  18:00  Zergling x8  
  165  18:01  Baneling x2  
  170  18:08  Zergling x2  
  170  18:09  Zergling x6  
  170  18:11  Drone  
  174  18:15  Infestor  
  174  18:17  Zergling x12  
  177  18:25  Spore Crawler, Zergling x10  
  180  18:30  Drone  
  180  18:31  Drone  
  180  18:32  Drone x2  
  180  18:33  Drone  
  183  18:40  Baneling  
  183  18:41  Baneling x7  
  183  18:42  Overseer x2  
  183  18:44  Zergling x12  
  183  18:45  Infestor, Baneling  
  189  18:55  Zergling x20  
  199  19:01  Ravager  
  200  19:07  Baneling x3  
  200  19:09  Spore Crawler  
  199  19:18  Zergling x2  
  186  19:24  Zergling x30  
  161  19:32  Zergling x2  
  161  19:33  Zergling x14  
  161  19:38  Zergling x10  
  138  19:45  Ultralisk  
  128  19:48  Zergling x10  
  128  19:49  Ravager  
  128  19:51  Queen  
  129  19:56  Zergling x2  
  122  20:03  Ultralisk x2  
  134  20:23  Infestor  
  134  20:25  Hatchery  
  132  20:32  Roach x2  
  130  20:38  Zergling x18  
  139  20:43  Infestor  
  139  20:49  Zergling x6  
  143  20:54  Zergling x6  
  143  21:03  Baneling x5  
  142  21:08  Zergling x2, Ravager x2  
Show
View Real Time Build Order
Export as new Build Order

Spirit Terran - Winner!

Build Orders: Command Center First, Banshee Rush 

Get SALT Encoding   

  12  0:00  SCV  
  13  0:12  SCV  
  14  0:16  Supply Depot  
  14  0:24  SCV  
  15  0:38  SCV  
  16  0:50  SCV  
  17  0:59  Command Center  
  17  1:02  SCV  
  18  1:12  Barracks  
  18  1:15  SCV  
  19  1:20  Refinery  
  19  1:27  SCV  
  19  1:29  Refinery  
  21  1:40  SCV  
  21  1:53  SCV  
  22  1:58  Marine  
  23  2:05  Orbital Command  
  23  2:16  Orbital Command, Factory  
  23  2:21  Barracks Reactor  
  23  2:31  SCV  
  24  2:43  SCV x2  
  26  2:55  SCV x2  
  26  2:58  Command Center  
  28  3:05  Starport  
  28  3:07  SCV  
  28  3:08  Hellion  
  28  3:11  Hellion  
  28  3:12  SCV  
  34  3:15  Supply Depot  
  34  3:17  Barracks Tech Lab  
  35  3:20  SCV  
  35  3:24  SCV  
  35  3:26  Bunker  
  36  3:32  SCV  
  37  3:36  SCV  
  37  3:37  Hellion  
  37  3:39  Hellion  
  43  3:48  Supply Depot  
  43  3:50  Marine, Banshee  
  43  3:51  Cloaking Field  
  46  3:56  SCV x2  
  46  4:01  Cyclone  
  46  4:07  Bunker  
  46  4:09  SCV x2, Cyclone  
  50  4:10  Orbital Command  
  48  4:23  SCV x2  
  50  4:29  Supply Depot  
  50  4:32  Banshee  
  50  4:35  SCV  
  48  4:43  Cyclone x2  
  48  4:44  SCV  
  53  4:48  SCV  
  54  4:56  SCV  
  54  4:58  Supply Depot  
  54  5:05  SCV  
  51  5:08  SCV  
  48  5:16  Orbital Command  
  48  5:17  SCV  
  48  5:20  SCV  
  48  5:29  SCV  
  48  5:32  SCV  
  48  5:35  Barracks  
  50  5:36  Barracks, Stimpack  
  50  5:37  Marine  
  50  5:38  Hellion  
  50  5:42  SCV x2  
  55  5:49  SCV  
  56  5:56  SCV  
  57  6:01  SCV  
  57  6:02  Marine  
  60  6:08  SCV, Refinery x2  
  60  6:11  Engineering Bay  
  60  6:12  Engineering Bay  
  60  6:13  SCV, Factory Tech Lab  
  60  6:15  Supply Depot  
  60  6:16  Starport Reactor  
  61  6:20  SCV  
  61  6:25  SCV  
  63  6:26  Orbital Command  
  63  6:32  SCV, Siege Tank  
  67  6:33  Barracks Reactor  
  67  6:37  SCV  
  67  6:39  Refinery  
  68  6:41  Supply Depot  
  68  6:44  Terran Infantry Weapons Level 1, Terran Infantry Armor Level 1, SCV  
  68  6:45  Marine  
  68  6:46  Marine x2  
  72  6:49  SCV  
  73  6:54  SCV  
  73  6:56  SCV  
  75  7:03  SCV, Marine x3  
  75  7:04  Supply Depot  
  75  7:05  Supply Depot, Siege Tank  
  75  7:06  SCV  
  83  7:08  SCV  
  83  7:15  SCV, Marine  
  85  7:16  Combat Shield, Medivac  
  85  7:18  SCV  
  85  7:19  Medivac  
  85  7:20  SCV  
  85  7:21  Marine x4  
  96  7:27  SCV  
  97  7:31  SCV, Barracks  
  97  7:33  SCV, Marine  
  97  7:34  Barracks  
  100  7:38  Marine  
  100  7:39  Marine x3  
  100  7:40  Supply Depot, SCV  
  100  7:43  SCV  
  100  7:44  Armory  
  106  7:47  Supply Depot, SCV  
  106  7:48  Supply Depot  
  106  7:51  Marine  
  108  7:52  Medivac x2  
  108  7:56  SCV, Marine  
  114  8:01  Marine x2  
  116  8:07  Supply Depot, SCV  
  116  8:08  Command Center  
  116  8:10  SCV, Marine x2  
  120  8:14  Missile Turret  
  120  8:18  Supply Depot  
  120  8:19  Siege Tank  
  123  8:20  SCV x2  
  123  8:22  Barracks Reactor x2  
  123  8:23  SCV  
  122  8:31  Barracks Tech Lab  
  122  8:32  SCV  
  122  8:33  Medivac x2  
  127  8:35  Concussive Shells  
  127  8:41  Supply Depot, Terran Infantry Weapons Level 2  
  127  8:42  Supply Depot  
  127  8:45  Marine, Marauder  
  127  8:46  Marine x3  
  133  8:55  Terran Infantry Armor Level 2  
  133  8:59  Marine, Marauder  
  133  9:02  Siege Tank  
  139  9:03  Marine, Medivac x2  
  139  9:04  Marine x2  
  139  9:08  Supply Depot, Marine x2, Marauder  
  150  9:11  SCV  
  150  9:14  SCV  
  150  9:16  Marine  
  153  9:20  SCV, Marine x2  
  153  9:22  Marine x2  
  153  9:24  SCV  
  159  9:26  SCV  
  159  9:30  Marauder  
  162  9:31  Factory  
  162  9:32  SCV  
  162  9:34  Siege Tank  
  162  9:35  Marine, Sensor Tower  
  162  9:36  SCV  
  170  9:38  Marauder  
  170  9:39  SCV  
  170  9:44  SCV  
  172  9:46  Planetary Fortress  
  172  9:47  Barracks  
  172  9:48  SCV  
  172  9:49  Marine  
  172  9:52  SCV  
  174  9:54  Barracks  
  174  9:56  SCV, Barracks  
  174  9:59  Marine, Marauder  
  177  10:02  Marine  
  177  10:03  Marauder  
  180  10:07  Medivac x2  
  180  10:08  Marine  
  180  10:09  SCV  
  180  10:10  Marine  
  185  10:14  SCV  
  185  10:15  Factory Tech Lab  
  185  10:21  Marauder  
  188  10:23  Refinery  
  188  10:25  Refinery  
  188  10:26  Command Center  
  187  10:29  Siege Tank  
  187  10:32  Marine  
  187  10:33  Marauder  
  193  10:36  Siege Tank  
  193  10:37  Barracks Tech Lab  
  196  10:47  Missile Turret  
  196  10:50  Missile Turret  
  196  10:51  Viking  
  196  10:54  Viking  
  195  11:02  Siege Tank  
  195  11:05  Command Center  
  195  11:09  Barracks Tech Lab  
  195  11:10  Barracks Tech Lab  
  195  11:11  Ghost Academy, Terran Vehicle Weapons Level 1  
  195  11:21  Viking  
  196  11:34  Command Center  
  196  11:37  Siege Tank, Viking  
  197  11:45  Ghost  
  197  11:46  Ghost  
  190  11:49  Ghost  
  190  11:51  Viking  
  190  11:53  Marine x3, Marauder  
  190  11:54  Marine, Marauder  
  195  11:59  Marine  
  197  12:02  Marine  
  197  12:06  Siege Tank  
  190  12:11  Marine x3  
  190  12:12  Marine  
  190  12:14  Marauder  
  190  12:15  Marauder x2  
  196  12:16  Marauder  
  196  12:17  Marine  
  196  12:18  Marine  
  196  12:20  Marine  
  199  12:29  Marine x3, Medivac x2  
  199  12:30  Marine  
  199  12:32  Planetary Fortress  
  199  12:34  Marine  
  199  12:36  Marine  
  200  12:44  Marauder  
  200  12:46  Marine x3  
  200  12:47  Marine  
  197  12:53  Ghost  
  197  12:56  Siege Tank, Marine, Marauder  
  197  12:58  Marauder  
  199  12:59  Marine  
  199  13:03  Ghost  
  199  13:05  Siege Tank  
  148  13:07  Marine  
  148  13:08  Marauder  
  148  13:11  Marine x3  
  143  13:14  Marine  
  143  13:15  SCV x3  
  143  13:16  Refinery  
  143  13:18  Marauder  
  143  13:19  Marauder  
  151  13:23  Marauder  
  151  13:26  Planetary Fortress  
  153  13:27  SCV x3  
  153  13:28  Siege Tank  
  153  13:29  Marine, Marauder  
  153  13:33  Marauder  
  164  13:37  Sensor Tower  
  164  13:38  Siege Tank, Missile Turret  
  164  13:39  SCV x3, Marauder  
  172  13:44  Marine, Marauder x2  
  172  13:45  Refinery x2  
  177  13:49  Liberator  
  177  13:51  SCV x3  
  180  13:55  Ghost  
  179  14:03  SCV x3  
  179  14:04  Siege Tank  
  185  14:10  Liberator  
  185  14:12  Refinery  
  185  14:13  Refinery  
  185  14:14  Ghost  
  185  14:15  SCV  
  191  14:18  Command Center  
  191  14:22  Barracks, Marauder  
  191  14:23  Barracks  
  193  14:24  Supply Depot  
  193  14:32  Siege Tank  
  193  14:33  Missile Turret, Sensor Tower  
  193  14:37  Ghost  
  193  14:38  SCV x2  
  200  14:48  Command Center  
  200  14:59  Siege Tank  
  196  15:02  Marine  
  196  15:03  Marauder  
  196  15:06  Siege Tank, Marine, Marauder  
  184  15:11  Marine  
  184  15:12  Marauder  
  181  15:16  Marine, Marauder  
  181  15:17  SCV x3  
  187  15:29  Liberator, Ghost x2  
  187  15:31  Siege Tank, Sensor Tower  
  200  15:46  Barracks  
  200  15:47  Ghost  
  200  15:48  Engineering Bay  
  199  15:50  Terran Infantry Armor Level 3, Terran Infantry Weapons Level 3  
  199  16:04  Ghost  
  199  16:09  Planetary Fortress  
  198  16:15  Missile Turret  
  195  16:19  Ghost  
  195  16:20  Ghost x2  
  195  16:25  Ghost  
  199  16:39  Sensor Tower  
  199  16:40  Command Center  
  199  16:45  Command Center  
  196  16:50  Siege Tank  
  196  16:56  Siege Tank  
  198  17:15  Reaper  
  188  17:19  Ghost  
  188  17:22  Siege Tank  
  176  17:24  Marine x4  
  176  17:25  Marine, Marauder  
  176  17:28  Marine  
  163  17:34  SCV  
  163  17:35  SCV x2  
  163  17:36  Marauder  
  160  17:39  SCV  
  160  17:42  Marine  
  160  17:43  Refinery  
  158  17:44  Supply Depot  
  158  17:46  SCV  
  158  17:47  SCV x2  
  161  17:55  Barracks Reactor  
  161  17:59  SCV x2  
  161  18:00  Supply Depot, SCV  
  161  18:04  Orbital Command  
  161  18:07  Factory Tech Lab  
  161  18:11  SCV x2  
  161  18:12  SCV  
  164  18:19  Liberator x2  
  168  18:20  Marine, Marauder  
  168  18:21  Marine x3  
  168  18:23  SCV x2  
  168  18:24  SCV  
  177  18:30  Siege Tank  
  180  18:38  SCV  
  181  18:41  SCV  
  181  18:45  SCV  
  183  18:50  Siege Tank  
  183  18:51  Ghost  
  183  18:53  Sensor Tower  
  188  19:04  Ghost  
  188  19:06  Marine, Marauder  
  188  19:08  Marine  
  194  19:10  Liberator  
  197  19:24  Siege Tank, Marauder  
  191  19:26  Marine  
  191  19:28  Marine, Marauder  
  167  19:34  Marine, Marauder  
  153  19:39  Marine x4, Marauder  
  153  19:44  Marine  
  153  19:45  Marine  
  155  19:48  Medivac  
  158  19:53  Medivac  
  158  19:56  Siege Tank  
  155  20:01  SCV x2  
  155  20:03  Marine x2  
  155  20:05  SCV  
  155  20:06  SCV  
  160  20:18  SCV, Medivac  
  160  20:22  SCV  
  160  20:23  Medivac  
  160  20:24  SCV  
  160  20:25  Sensor Tower  
  160  20:39  Planetary Fortress  
  160  20:41  Missile Turret  
  159  20:44  Factory Tech Lab  
  159  20:45  Ghost  
  159  20:48  Medivac  
  162  20:50  Siege Tank  
  162  20:51  Marine x3  
  162  20:53  Medivac  
  170  21:10  Marine x9  
Tags
 
Add a new tag
Caveats
  • Supply blocks, unpowered buildings, or Contaminate may cause inaccurate times.
  • Supply counts are checked every 10 seconds.